 Dungeon Crawl Stone Soup version 0.32-a0-450-g080537f31e (webtiles) character file.

Game seed: 14722876311787554973

5 Bravepunisher the Ducker (level 1, -2/11 HPs)
             Began as a Spriggan Monk on Feb 23, 2024.
             Slain by a wight
             ... wielding a +0 mace
              (13 damage)
             ... on level 5 of the Dungeon.
             The game lasted 00:02:08 (575 turns).

Bravepunisher the Ducker (Spriggan Monk)             Turns: 575, Time: 00:02:09

Health: -2/11      AC:  2    Str:  7    XL:     1   Next: 66%
Magic:  2/2        EV: 19    Int: 11    God:
Gold:   21         SH:  0    Dex: 17    Spells: 0/0 levels left

rFire   . . .        a - +0 short sword
rCold   . . .        (no shield)
rNeg    . . .        b - +0 robe
rPois   .            (helmet restricted)
rElec   .            (no cloak)
rCorr   .            (gloves unavailable)
SInv    +            (boots unavailable)
Will    .....        (no amulet)
Stlth   ++           (no ring)
HPRegen 0.21/turn    (no ring)
MPRegen 0.08/turn

%: no passive effects
@: very quick
A: very small, no large weapons, unfitting armour, see invisible, speed 3
a: no special abilities


You were on level 5 of the Dungeon.
You visited 1 branch of the dungeon, and saw 5 of its levels.

You collected 21 gold pieces.

Inventory:

Hand Weapons
 a - a +0 short sword (weapon)
Armour
 b - a +0 robe (worn)
Jewellery
 e - a ring of protection from fire
Scrolls
 d - a scroll of immolation {unknown}
 f - a scroll of identify {unknown}
Potions
 c - a potion of ambrosia


   Skills:
 + Level 2.5 Fighting
 - Level 3.2 Short Blades
 * Level 4.3 Dodging


You couldn't memorise any spells.
You didn't know any spells.
Your spell library was empty.

Dungeon Overview and Level Annotations

Branches:
Dungeon (5/15)
 Temple: D:4-7

Altars:
The Shining One


Innate Abilities, Weirdness & Mutations

You are very small and have problems with some larger weapons.
You are too small for most types of armour.
You have supernaturally acute eyesight. (SInv)
You cover ground extremely quickly. (Speed+++)


Message History

Found a stone staircase leading down.
A goblin comes into view. It is wielding a +0 dagger.
Found a stone staircase leading down.
The goblin shouts!
There is a stone staircase leading down here.
You climb downwards.
There is a stone staircase leading up here.
You climb upwards.
There is a stone staircase leading down here.
The goblin completely misses you.
There is a stone staircase leading down here.
You climb downwards.
There is a stone staircase leading up here.
You now have 21 gold pieces (gained 12).
Found a stone staircase leading down.
A wight comes into view. It is wielding a +6 great sword.
Found 17 gold pieces.
Found a mace.
You see here a +0 mace.
Found 18 gold pieces.
An orc wizard comes into view. It is wielding a +0 dagger.
An orc comes into view. It is wielding a +0 short sword.
The orc wizard shouts!
The orc shouts!
You hear a shout! x2
A hound comes into view.
A wight comes into view. It is wielding a +6 trident.
Found a dagger.
You open the door.
Found a glowing golden altar of the Shining One.
Found an escape hatch in the floor.
A wight comes into view. It is wielding a +0 mace.
A wight comes into view. It is wielding a +0 mace.
A wight comes into view. It is wielding a +0 hand axe.
Found a stone staircase leading down.
An orc comes into view. It is wielding a +0 hand axe.
The hound barks!
The wight completely misses you.
There is a stone staircase leading down here.
The wight completely misses you. The wight hits you with a +0 mace!
Ouch! That really hurt!
You die...

#. #.......z...........#
#.###.#######.##.######.#
#.....# #$##.###
#.######### ###.###
#.##...####.##....... ###.#
#.##................. ....#
#.##...####.##....... )####
#.##..####........... .#
#.##..###.........#'# .#
#@....###.#....#≈≈ .#
#..zzz#..# ##..##.#≈ß .#
##.zh.........# #..##.#≈_
.# # ......####..##
#.###.#≈≈ .# #.#.#.>.
##.###.## #.### .#
#.#.###.#####....#####....
.#
#....##.......o.........#.
.#
##.....#######.####.######.
.# #.......######.## #.# ##


You could see a hound, 4 wights and an orc (wandering).

Vanquished Creatures
  A ball python (D:1)
  A bat (D:1)
  2 hobgoblins (D:1)
4 creatures vanquished.

Notes
Turn   | Place    | Note
-------+----------+-------------------------------------------
     0 | D:1      | Bravepunisher the Spriggan Monk began the quest for the
                  | Orb.
     0 | D:1      | Reached XP level 1. HP: 11/11 MP: 2/2
   418 | D:4      | Noticed an ogre
   432 | D:5      | Entered Level 5 of the Dungeon
   432 | D:5      | Noticed a scorpion
   432 | D:5      | Noticed a phantom
   473 | D:5      | Noticed a wight
   524 | D:5      | Noticed an orc wizard
   528 | D:5      | Noticed a hound
   531 | D:5      | Noticed a wight
   560 | D:5      | Found a glowing golden altar of the Shining One.
   569 | D:5      | Noticed a wight
   570 | D:5      | Noticed a wight
   571 | D:5      | Noticed a wight
   575 | D:5      | Slain by a wight

Illustrated notes

Levels and vault maps discovered:
D:1:      sevenhm_arrival_forest_fort_small_6, layout_loops_cross
D:2:      cheibrodos_pilgrimage, layout_basic, uniq_robin, uniq_natasha
D:3:      layout_basic, uniq_grinder
D:4:      layout_gridville, uniq_crazy_yiuf_cottage
D:5:      layout_loops_ring, general_overflow_altar, minmay_temple_entry_tees

Action                     || total
---------------------------++-------
  Melee: Short sword       ||    18
 Armour: Robe              ||     8
  Dodge: Dodged            ||    23

Table legend: (Time is in decaauts)
 A = Elapsed time spent in this place.
 B = Non-inter-level travel time spent in this place.
 C = Inter-level travel time spent in this place.
 D = Time resting spent in this place.
 E = Time spent auto-exploring this place.
 F = Levels seen in this place.
 G = Mean time per level.
                   A        B        C        D        E       F      G
               +--------+--------+--------+--------+--------+-----+--------+
         Total |    376 |    376 |      0 |     15 |    128 |   5 |   75.2 |
       Dungeon |    376 |    376 |      0 |     15 |    128 |   5 |   75.2 |
               +--------+--------+--------+--------+--------+-----+--------+

Top non-repeatable levels by time:
     D:2: 116 daAuts
     D:1: 111 daAuts
     D:5: 83 daAuts
     D:4: 58 daAuts
     D:3: 7 daAuts
